Map: [ESL] Waterfall

Players

ShoWTimE - Winner!

  • Race: Protoss Protoss
  • Spawn Location: 1:00

KingCobra

  • Race: Protoss Protoss
  • Spawn Location: 7:00

Event: DreamHack SC2 Masters 2022 Atlanta (Online)

VOD

Have the link to the VOD?

Description

Time

  • Played on: Oct. 9, 2022, 11:04 a.m.
  • Length: 6:04

All games in this series

Show
View Real Time Build Order
Export as new Build Order

ShoWTimE Protoss - Winner!

Build Orders: Phoenix Opening, Mass Phoenix 

Get SALT Encoding   

  12  0:00  Probe  
  13  0:12  Probe  
  14  0:17  Pylon  
  14  0:24  Probe (Chrono Boost)  
  15  0:36  Probe (Chrono Boost)  
  15  0:37  Gateway  
  16  0:45  Probe (Chrono Boost)  
  16  0:46  Assimilator  
  17  0:51  Probe  
  18  1:03  Probe (Chrono Boost)  
  19  1:04  Assimilator  
  19  1:09  Pylon  
  19  1:14  Probe (Chrono Boost)  
  20  1:19  Probe (Chrono Boost)  
  20  1:24  Cybernetics Core  
  21  1:29  Probe  
  21  1:31  Zealot  
  24  1:41  Probe  
  25  1:53  Probe  
  26  2:01  Stargate  
  26  2:03  Adept  
  26  2:06  Probe  
  29  2:10  Pylon  
  29  2:18  Probe  
  30  2:30  Probe  
  30  2:33  Stalker  
  33  2:44  Phoenix (Chrono Boost)  
  33  2:50  Pylon  
  35  3:00  Phoenix (Chrono Boost)  
  37  3:21  Nexus, Phoenix (Chrono Boost)  
  37  3:24  Probe  
  40  3:36  Probe  
  40  3:41  Phoenix  
  43  3:46  Pylon  
  43  3:49  Probe  
  44  3:56  Stargate  
  44  4:01  Probe, Assimilator  
  45  4:04  Assimilator  
  45  4:12  Phoenix (Chrono Boost)  
  45  4:13  Probe  
  48  4:25  Probe  
  48  4:30  Phoenix (Chrono Boost)  
  49  4:34  Probe  
  49  4:37  Probe  
  55  4:46  Probe  
  55  4:49  Probe  
  55  4:50  Phoenix (Chrono Boost)  
  42  4:52  Phoenix (Chrono Boost)  
  55  4:58  Probe  
  58  5:01  Probe, Pylon  
  59  5:07  Phoenix (Chrono Boost)  
  59  5:10  Probe  
  62  5:17  Probe  
  65  5:21  Phoenix (Chrono Boost)  
  65  5:24  Probe  
  65  5:27  Phoenix (Chrono Boost)  
  68  5:29  Probe  
  69  5:39  Probe  
Show
View Real Time Build Order
Export as new Build Order

KingCobra Protoss 

Build Orders: Phoenix Opening, Mass Phoenix 

Get SALT Encoding   

  12  0:00  Probe  
  13  0:12  Probe  
  14  0:18  Pylon  
  14  0:24  Probe  
  15  0:36  Gateway  
  15  0:37  Probe (Chrono Boost)  
  16  0:47  Probe (Chrono Boost), Assimilator  
  17  0:52  Probe (Chrono Boost)  
  18  0:58  Pylon  
  18  1:04  Probe (Chrono Boost)  
  19  1:05  Assimilator  
  19  1:13  Probe (Chrono Boost)  
  19  1:18  Probe (Chrono Boost)  
  20  1:23  Cybernetics Core  
  21  1:30  Zealot  
  21  1:32  Probe  
  24  1:40  Pylon  
  24  1:44  Probe  
  25  1:56  Probe  
  26  2:02  Stargate  
  26  2:09  Cybernetics Core  
  26  2:13  Stalker  
  28  2:45  Nexus  
  28  2:49  Phoenix (Chrono Boost)  
  30  3:12  Phoenix  
  30  3:17  Pylon  
  31  3:32  Probe  
  31  3:36  Phoenix (Chrono Boost)  
  33  3:44  Probe  
  34  3:50  Protoss Air Armor Level 1 (Chrono Boost)  
  34  3:51  Assimilator  
  34  3:52  Phoenix (Chrono Boost)  
  36  3:57  Probe  
  36  3:59  Probe  
  38  4:09  Probe  
  39  4:11  Probe  
  39  4:14  Phoenix (Chrono Boost)  
  42  4:21  Probe  
  42  4:24  Probe  
  44  4:27  Pylon  
  44  4:33  Probe  
  44  4:34  Phoenix (Chrono Boost)  
  44  4:38  Probe  
  48  4:49  Stargate  
  48  4:51  Probe  
  48  4:52  Probe  
  50  4:56  Phoenix  
  52  5:03  Probe  
  53  5:07  Probe, Pylon  
  54  5:16  Probe  
  55  5:21  Phoenix (Chrono Boost)  
  55  5:23  Probe, Assimilator  
  58  5:31  Probe  
  58  5:35  Probe  
  62  5:36  Phoenix (Chrono Boost)  
Tags
 
Add a new tag
Caveats
  • Supply blocks, unpowered buildings, or Contaminate may cause inaccurate times.
  • Supply counts are checked every 10 seconds.